 Dungeon Crawl Stone Soup version 0.29.1-12-g30fa7ad0bf (webtiles) character file.

Game seed: 17542106207162253232

90 ThatPearl the Chopper (level 4, -1/41 HPs)
             Began as a Gnoll Cinder Acolyte on Jan 8, 2023.
             Was a High Priest of Ignis.
             Slain by Terence
             ... wielding a +0 mace
              (4 damage)
             ... on level 2 of the Dungeon.
             The game lasted 00:03:43 (1607 turns).

ThatPearl the Chopper (Gnoll Cinder Acolyte)        Turns: 1607, Time: 00:03:44

Health: -1/41      AC:  2    Str: 13    XL:     4   Next: 56%
Magic:  2/8        EV: 11    Int: 15    God:    Ignis [*****.]
Gold:   85         SH:  0    Dex:  8    Spells: 5/9 levels left

rFire   + . .      SeeInvis .   a - -1 hand axe (flame)
rCold   . . .      Faith    .   (no shield)
rNeg    . . .      Spirit   .   b - +0 robe
rPois   .          Reflect  .   (no helmet)
rElec   .          Harm     .   (no cloak)
rCorr   .          Rampage  .   (no gloves)
Will    .....                   (no boots)
Stlth   +.........              (no amulet)
HPRegen 0.13/turn               (no ring)
MPRegen 0.11/turn               (no ring)

@: no status effects
A: fangs 1, strong nose, distributed training
a: Renounce Religion, Fiery Armour, Foxfire Swarm, Rising Flame


You were on level 2 of the Dungeon.
You worshipped Ignis.
Ignis was extremely pleased with you.
You visited 1 branch of the dungeon, and saw 2 of its levels.

You collected 85 gold pieces.

Inventory:

Hand Weapons
 a - a -1 hand axe of flaming (weapon)
Missiles
 e - 18 stones (quivered)
Armour
 b - a +0 robe (worn)
 c - a +0 ring mail
Scrolls
 d - a scroll of butterflies {unknown}
 f - a scroll of blinking {unknown}
 g - a scroll of poison {unknown}
 h - a scroll of enchant armour {unknown}
 i - a scroll of identify {unknown}
 l - a scroll of silence {unknown}
Potions
 j - a potion of brilliance {unknown}
 k - a potion of resistance {unknown}


   Skills:
 + Level 6.6 Fighting
 + Level 1.2 Short Blades
 + Level 1.2 Long Blades
 + Level 6.6 Axes
 + Level 1.2 Maces & Flails
 + Level 1.2 Polearms
 + Level 1.2 Staves
 + Level 1.2 Ranged Weapons
 + Level 1.2 Throwing
 + Level 1.2 Armour
 + Level 1.2 Dodging
 + Level 1.2 Stealth
 + Level 1.2 Shields
 + Level 1.2 Unarmed Combat
 + Level 3.0 Spellcasting
 + Level 1.0 Conjurations
 + Level 1.0 Hexes
 + Level 1.0 Summonings
 + Level 1.0 Necromancy
 + Level 1.0 Translocations
 + Level 1.0 Transmutations
 + Level 5.5 Fire Magic
 + Level 1.0 Ice Magic
 + Level 1.0 Air Magic
 + Level 1.0 Earth Magic
 + Level 1.0 Poison Magic
 + Level 1.3 Invocations
 + Level 1.2 Evocations


You had 5 spell levels left.
You knew the following spells:

 Your Spells              Type           Power      Damage    Failure   Level
b - Ensorcelled Hibernat  Hex/Ice        10%        N/A       21%         2
s - Scorch                Fire           36%        2d6       3%          2

Your spell library contained the following spells:

 Spells                   Type           Power      Damage    Failure   Level
 Passwall                 Tmut/Erth      4%         N/A       21%         2
 Portal Projectile        Hex/Tloc       10%        N/A       36%         3
 Swiftness                Air            5%         N/A       36%         3
 Manifold Assault         Tloc           5%         N/A       98%         5
 Dragon Form              Tmut           2%         N/A       100%        7


Dungeon Overview and Level Annotations

Branches:
Dungeon (2/15)

Altars:

Annotations:
D:2 Terence


Innate Abilities, Weirdness & Mutations

You have very sharp teeth.
Your uncanny sense of smell can sniff out nearby items.
Your experience applies equally to all skills.


Message History

You hear an angry hiss.
Terence hits you with a +0 mace.
Casting: Scorch (safe; 3% risk of failure)
Confirm with . or Enter, or press ? or * to list all spells.
Flames lash Terence but do no damage.
Terence barely misses you.
Casting: Scorch (safe; 3% risk of failure)
Confirm with . or Enter, or press ? or * to list all spells.
Flames lash Terence.
Terence is lightly wounded.
Terence's fire resistance burns away.
Terence hits you with a +0 mace.
You barely miss Terence.
Terence is lightly wounded.
An adder comes into view.
Terence hits you with a +0 mace!
* * * LOW HITPOINT WARNING * * *
The adder hisses angrily.
You hit Terence. You burn Terence.
Terence is heavily wounded.
A ball python comes into view.
Terence hits you with a +0 mace.
* * * LOW HITPOINT WARNING * * *
Casting: Scorch (safe; 3% risk of failure)
Confirm with . or Enter, or press ? or * to list all spells.
You don't have enough magic to cast this spell.
You hit Terence. You burn Terence.
Terence is heavily wounded.
Terence is no longer more vulnerable to fire.
Terence misses you.
You hit Terence but do no damage. You bite Terence, but do no damage.
Terence is heavily wounded.
Terence hits you with a +0 mace.
* * * LOW HITPOINT WARNING * * *
You hit Terence but do no damage.
Terence is heavily wounded.
Terence barely misses you.
Casting: Scorch (safe; 3% risk of failure)
Confirm with . or Enter, or press ? or * to list all spells.
You don't have enough magic to cast this spell.
Terence attacks as you move away! Terence hits you with a +0 mace.
You die...

. .†# #......... .. #.#
#..######. #. ##.## #..#### #.
#.. ##?..# # #.....# #.
#...##.###.##.# ##.##.###.
#....†# ... #.##.....
...####.###.###########.######.
##S..# #.<........######.
##.####@#...............
#.S..@.#.##############
..........S....#
################


You could see Terence, an adder and a ball python.

Vanquished Creatures
  Natasha (D:2)
  3 adders (D:2)
  4 ball pythons
  2 bats (D:1)
  4 endoplasms (D:1)
  3 giant cockroaches (D:1)
  2 goblins
  2 hobgoblins (D:1)
  7 quokkas
  2 frilled lizards (D:1)
  A kobold (D:1)
  6 rats
37 creatures vanquished.

Vanquished Creatures (others)
  2 fungi (D:1)
  4 plants (D:1)
6 creatures vanquished.

Grand Total: 43 creatures vanquished

Notes
Turn   | Place    | Note
-------+----------+-------------------------------------------
     0 | D:1      | ThatPearl the Gnoll Cinder Acolyte began the quest for the
                  | Orb.
     0 | D:1      | Reached XP level 1. HP: 23/23 MP: 4/4
   120 | D:1      | Reached XP level 2. HP: 11/29 MP: 5/5
   599 | D:1      | Reached XP level 3. HP: 33/35 MP: 7/7
   790 | D:1      | Found a faded altar of an unknown god.
  1112 | D:1      | Got Lihips's Handbook of Reformed Transposition
  1118 | D:1      | Learned a level 2 spell: Scorch
  1212 | D:2      | Reached skill level 1 in Invocations
  1270 | D:2      | Reached skill level 1 in Short Blades
  1270 | D:2      | Reached skill level 1 in Long Blades
  1270 | D:2      | Reached skill level 1 in Maces & Flails
  1270 | D:2      | Reached skill level 1 in Polearms
  1270 | D:2      | Reached skill level 1 in Staves
  1270 | D:2      | Reached skill level 1 in Ranged Weapons
  1270 | D:2      | Reached skill level 1 in Throwing
  1270 | D:2      | Reached skill level 1 in Armour
  1270 | D:2      | Reached skill level 1 in Dodging
  1270 | D:2      | Reached skill level 1 in Stealth
  1270 | D:2      | Reached skill level 1 in Shields
  1270 | D:2      | Reached skill level 1 in Unarmed Combat
  1270 | D:2      | Reached skill level 1 in Evocations
  1337 | D:2      | Noticed Natasha
  1343 | D:2      | Killed Natasha
  1344 | D:2      | Reached XP level 4. HP: 35/41 MP: 2/8
  1345 | D:2      | Reached skill level 1 in Conjurations
  1345 | D:2      | Reached skill level 1 in Hexes
  1345 | D:2      | Reached skill level 1 in Summonings
  1345 | D:2      | Reached skill level 1 in Necromancy
  1345 | D:2      | Reached skill level 1 in Translocations
  1345 | D:2      | Reached skill level 1 in Transmutations
  1345 | D:2      | Reached skill level 1 in Ice Magic
  1345 | D:2      | Reached skill level 1 in Air Magic
  1345 | D:2      | Reached skill level 1 in Earth Magic
  1345 | D:2      | Reached skill level 1 in Poison Magic
  1436 | D:2      | Learned a level 2 spell: Ensorcelled Hibernation
  1583 | D:2      | Noticed Terence
  1599 | D:2      | HP: 2/41 [Terence/+0 mace (2)]
  1607 | D:2      | Slain by Terence

Illustrated notes

Levels and vault maps discovered:
D:1:      elethiomel_arrival_maze, layout_loops_ring,
          shapermc_ecumenical_altar_petra
D:2:      layout_loops_ring, chequers_serial_rivers_micro_c, uniq_natasha,
          uniq_terence

Skill      XL: |  1  2  3  4 |
---------------+-------------+-----
Invocations    | 1 |  1.3
Short Blades   | 1 |  1.2
Long Blades    | 1 |  1.2
Maces & Flails | 1 |  1.2
Polearms       | 1 |  1.2
Staves         | 1 |  1.2
Ranged Weapons | 1 |  1.2
Throwing       | 1 |  1.2
Armour         | 1 |  1.2
Dodging        | 1 |  1.2
Stealth        | 1 |  1.2
Shields        | 1 |  1.2
Unarmed Combat | 1 |  1.2
Evocations     | 1 |  1.2
Spellcasting   | 3 |  3.0
Conjurations   | 1 |  1.0
Hexes          | 1 |  1.0
Summonings     | 1 |  1.0
Necromancy     | 1 |  1.0
Translocations | 1 |  1.0
Transmutations | 1 |  1.0
Ice Magic      | 1 |  1.0
Air Magic      | 1 |  1.0
Earth Magic    | 1 |  1.0
Poison Magic   | 1 |  1.0
Fighting       | |  6.6
Axes           | |  6.6
Fire Magic     | |  5.5

Action                   |  1- 3 |  4- 6 || total
-------------------------+-------+-------++-------
Melee: Hand axe          |    62 |     9 ||    71
       Bite              |     5 |     1 ||     6
 Cast: Scorch            |     8 |     7 ||    15
 Stab: Sleeping          |     2 |       ||     2
Armor: Robe              |     5 |       ||     5
Dodge: Dodged            |    32 |     6 ||    38
